 Dungeon Crawl Stone Soup version 0.26-a0-835-g8259106e14 (webtiles) character file.

Game seed: 11252570171253226449

0 Kinoniko the Grasshopper (level 1, 0/12 HPs)
             Began as a Kobold Warper on Nov 17, 2020.
             Slain by a goblin (4 damage)
             ... on level 1 of the Dungeon.
             The game lasted 00:00:25 (229 turns).

Kinoniko the Grasshopper (Kobold Warper)             Turns: 229, Time: 00:00:26

Health: 0/12       AC:  5    Str:  8    XL:     1   Next: 0%
Magic:  3/3        EV: 13    Int: 14    God:
Gold:   14         SH:  0    Dex: 14    Spells: 4/4 levels left

rFire    . . .     SeeInvis .   a - +0 short sword
rCold    . . .     Faith    .   (shield restricted)
rNeg     . . .     Spirit   .   f - +0 ring mail
rPois    .         Reflect  .   (no helmet)
rElec    .         Harm     .   (no cloak)
rCorr    .         Rampage  .   (no gloves)
MR       .....                  (no boots)
Stlth    ++........             (no amulet)
HPRegen  0.04/turn              (no ring)
MPRegen  0.08/turn              (no ring)

@: no status effects
A: small, nightstalker 3
a: no special abilities


You were on level 1 of the Dungeon.
You visited 1 branch of the dungeon, and saw 1 of its levels.

You collected 14 gold pieces.

Inventory:

Hand Weapons
 a - a +0 short sword (weapon)
Missiles
 e - 5 boomerangs of dispersal (quivered)
Armour
 b - a +0 leather armour
 f - a +0 ring mail (worn)
Scrolls
 c - a scroll of fear {unknown}
 d - a scroll of blinking
 g - a scroll of identify {unknown}


   Skills:
 - Level 2.1 Fighting
 * Level 2.6 Short Blades
 - Level 1.1 Throwing
 - Level 0.7 Armour
 - Level 2.4 Dodging
 + Level 0.0 Stealth
 - Level 2.1 Spellcasting
 - Level 3.0 Translocations


You had 4 spell levels left.
You didn't know any spells.
Your spell library contained the following spells:

 Spells                   Type           Power        Failure   Level
 Blink                    Tloc           N/A          32%         2
 Gell's Gravitas          Tloc           #.........   54%         3
 Lesser Beckoning         Tloc           #.........   54%         3
 Teleport Other           Tloc           #.......     54%         3
 Passage of Golubria      Tloc           N/A          91%         4


Dungeon Overview and Level Annotations

Branches:
Dungeon (1/15)

Altars:


Innate Abilities, Weirdness & Mutations

You are small and have problems with some larger weapons.
You are completely attuned to the shadows.


Message History

The ball python closely misses you. The ball python constricts you.
You hit the ball python but do no damage.
The goblin hits you. The ball python closely misses you.
The ball python constricts you.
You are too injured to fight recklessly!
You are too injured to fight recklessly!
You are too injured to fight recklessly!
You are too injured to fight recklessly!
You hit the ball python but do no damage.
The goblin closely misses you. The ball python closely misses you.
The ball python constricts you.
You barely miss the ball python. The goblin closely misses you.
The ball python bites you but does no damage.
The ball python constricts you.
You barely miss the ball python. The ball python barely misses you.
The ball python constricts you. The goblin hits you.
You hit the ball python.
You kill the ball python!
The goblin hits you.
You die...

......# #...>.
.......#
#.....
........#
#.....
..........#
#.....
#.........#
#.....
####........(#
#.....
.............#
#.....
>............#
######
....@#########
....g# .....#
.....# .....#


You could see a goblin.

Vanquished Creatures
  A ball python (D:1)
1 creature vanquished.

Notes
Turn   | Place    | Note
-------+----------+-------------------------------------------
     0 | D:1      | Kinoniko the Kobold Warper began the quest for the Orb.
     0 | D:1      | Reached XP level 1. HP: 12/12 MP: 3/3
   229 | D:1      | Slain by a goblin

Illustrated notes

Levels and vault maps discovered:
D:1:      eino_arrival_water_cross, layout_basic, serial_curves, eino_curves_01,
          eino_curves_04

Action                   || total
-------------------------++-------
Melee: Short sword       ||     7
Armor: Ring mail         ||     1
Dodge: Dodged            ||     8

Table legend: (Time is in decaauts)
 A = Elapsed time spent in this place.
 B = Non-inter-level travel time spent in this place.
 C = Inter-level travel time spent in this place.
 D = Time resting spent in this place.
 E = Time spent auto-exploring this place.
 F = Levels seen in this place.
 G = Mean time per level.
                   A        B        C        D        E       F      G
               +--------+--------+--------+--------+--------+-----+--------+
         Total |    228 |    228 |      0 |      0 |    202 |   1 |  228.0 |
       Dungeon |    228 |    228 |      0 |      0 |    202 |   1 |  228.0 |
               +--------+--------+--------+--------+--------+-----+--------+

Top non-repeatable levels by time:
     D:1: 228 daAuts
